[Event "January 2 Early 2024"]
[Site "https://www.chess.com"]
[Date "2024.01.02"]
[Round "8"]
[White "Fernandez Hernandez, Gerardo"]
[Black "Przybylski, Wojciech"]
[Result "0-1"]
[Board "105"]
[TimeControl "180+1"]
[WhiteFideId "2207400"]
[BlackFideId "1117599"]
[WhiteElo "2283"]
[BlackElo "2531"]
[WhiteTeam "ESP"]
[BlackTeam "POL"]
[WhiteClock "0:00:11"]
[BlackClock "0:01:23"]

1. e4 c5 2. d3 e6 3. g3 h5 4. h3 h4 5. g4 d5 6. Bg2 dxe4 7. dxe4 Qxd1+ 8. Kxd1 Nc6 9. c3 e5 10. Be3 Be6 11. Nd2 O-O-O 12. Kc2 Nd4+ 13. cxd4 cxd4 14. Bg5 f6 15. Bxh4 Rxh4 16. Kd3 g5 17. Ne2 Rh7 18. Rhc1+ Kb8 19. Nc4 Ne7 20. Ng3 Ng6 21. Ne2 Rc7 22. Bf1 Rdc8 23. b3 b5 24. Na5 Nf4+ 25. Nxf4 Rxc1 26. Rxc1 Rxc1 27. Nxe6 Bb4 28. Nd8 Bxa5 29. Nf7 Rxf1 0-1

[Event "January 2 Early 2024"]
[Site "https://www.chess.com"]
[Date "2024.01.02"]
[Round "8"]
[White "Delgado Kuffo, Andres"]
[Black "Bodnar, Nikolay"]
[Result "1-0"]
[Board "106"]
[TimeControl "180+1"]
[WhiteFideId "3600475"]
[BlackFideId "14106469"]
[WhiteElo "2253"]
[BlackElo "2530"]
[WhiteTeam "ECU"]
[BlackTeam "UKR"]
[WhiteClock "0:00:05"]
[BlackClock "0:00:00"]

1. e4 c6 2. d4 d5 3. Nc3 b5 4. a3 dxe4 5. Nxe4 Bf5 6. Ng3 Bg6 7. h4 h6 8. Nf3 Nd7 9. h5 Bh7 10. Bd3 Bxd3 11. Qxd3 Ngf6 12. Bf4 e6 13. Ne4 Nxe4 14. Qxe4 Rc8 15. O-O-O Nf6 16. Qe2 Qd5 17. Kb1 Qe4 18. Qd2 Be7 19. Rde1 Qd5 20. Ne5 c5 21. Be3 cxd4 22. Qxd4 Qxd4 23. Bxd4 a6 24. g4 O-O 25. f4 Nd5 26. g5 Nxf4 27. gxh6 f6 28. hxg7 Kxg7 29. Reg1+ Kh7 30. Ng6 Bd6 31. Nxf8+ Rxf8 32. h6 Rf7 33. Bxf6 Rxf6 34. Rg7+ Kh8 35. Rd7 Bf8 36. h7 e5 37. Ka2 e4 38. Re1 Bg7 39. Rxe4 Kxh7 40. Ree7 Rg6 41. Ra7 Kh6 42. Rf7 Nd5 43. Rfd7 Ne3 44. c3 Nc4 45. Rdc7 Be5 46. Rh7+ Kg5 47. Rh1 Kf5 48. Rf1+ Ke4 49. Re1+ Kf3 50. Rf7+ Kg2 51. Re2+ Kg3 52. b3 Nd6 53. Ra7 Rg5 54. Rxa6 Kf3 55. Rxe5 Rxe5 56. Rxd6 Re2+ 57. Kb1 Re1+ 58. Kc2 Ra1 59. Kb2 Re1 60. Rd2 Ke3 61. Rc2 Ke4 62. c4 bxc4 63. bxc4 Kd4 64. c5 Re8 65. c6 Kd5 66. Kb3 Rc8 67. Kb4 Rb8+ 68. Ka5 Kd6 69. c7 Ra8+ 70. Kb6 Rb8+ 71. cxb8=Q+ 1-0

[Event "January 2 Early 2024"]
[Site "https://www.chess.com"]
[Date "2024.01.02"]
[Round "8"]
[White "Rose, Felix"]
[Black "Coro, Lucas"]
[Result "0-1"]
[Board "107"]
[TimeControl "180+1"]
[WhiteFideId "5105722"]
[BlackFideId "147222"]
[WhiteElo "2221"]
[BlackElo "2523"]
[WhiteTeam "MEX"]
[BlackTeam "ARG"]
[WhiteClock "0:01:17"]
[BlackClock "0:01:27"]

1. e4 c6 2. d4 d5 3. e5 Bf5 4. h4 h5 5. Bd3 Bxd3 6. Qxd3 Qa5+ 7. Nd2 Qa6 8. c4 e6 9. Ngf3 Ne7 10. O-O Nf5 11. Qc2 Be7 12. g3 Nd7 13. b3 b5 14. Re1 bxc4 15. bxc4 Rb8 16. cxd5 cxd5 17. Nf1 Qc4 18. Qd1 Nb6 19. Ne3 Nxe3 20. Bxe3 Qa4 21. Qe2 Nc4 22. Bg5 Rb2 23. Qd3 Qa3 24. Qd1 Bb4 25. Re2 Qxf3 26. Rxb2 Qxd1+ 27. Rxd1 Nxb2 28. Rb1 Bc3 29. Bc1 Kd7 30. Bxb2 Rb8 0-1

[Event "January 2 Early 2024"]
[Site "https://www.chess.com"]
[Date "2024.01.02"]
[Round "8"]
[White "Bashirli, Saadat"]
[Black "Kamsky, Gata"]
[Result "0-1"]
[Board "108"]
[TimeControl "180+1"]
[WhiteFideId "13429990"]
[BlackFideId "2000024"]
[WhiteElo "2436"]
[BlackElo "2948"]
[WhiteTeam "AZE"]
[BlackTeam "USA"]
[WhiteClock "0:00:02"]
[BlackClock "0:01:18"]

1. d4 f5 2. e3 Nf6 3. Bd3 g6 4. Nd2 Bg7 5. c3 d6 6. f4 e5 7. Qb3 e4 8. Bc2 d5 9. c4 c6 10. Ne2 O-O 11. O-O Qb6 12. c5 Qc7 13. a4 a5 14. Nc3 Kh8 15. h3 Rg8 16. Kh1 Bh6 17. h4 Ng4 18. Ne2 Be6 19. Bb1 Nd7 20. g3 Bf8 21. Kg2 Be7 22. Rh1 h6 23. Nf1 Rgb8 24. Qc3 Kg7 25. b3 b6 26. cxb6 Qxb6 27. Bc2 Bb4 28. Qb2 Kf7 29. Rb1 Ndf6 30. Nc3 Bc8 31. Bd2 Ba6 32. Qc1 c5 33. dxc5 Bxc5 34. Nd1 Be2 35. Rg1 Rc8 36. Nh2 Nxh2 37. Kxh2 Ng4+ 38. Kg2 d4 39. exd4 Bxd4 40. b4 e3 41. Be1 Qc6+ 42. Kh3 Qxc2 43. Qxc2 Rxc2 44. bxa5 Nf2+ 45. Bxf2 exf2 46. Nxf2 Bxf2 47. Rb7+ Kf6 48. Rgb1 Bd4 49. R1b6+ Bxb6 50. Rxb6+ Kf7 51. Rb7+ Kg8 52. Rg7+ Kxg7 0-1

[Event "January 2 Early 2024"]
[Site "https://www.chess.com"]
[Date "2024.01.02"]
[Round "8"]
[White "Panchenko, Dmitry"]
[Black "Micic, Aleksa"]
[Result "0-1"]
[Board "109"]
[TimeControl "180+1"]
[WhiteFideId "4169158"]
[BlackFideId "989940"]
[WhiteElo "2834"]
[BlackElo "2431"]
[WhiteTeam "RUS"]
[BlackTeam "SRB"]
[WhiteClock "0:00:00"]
[BlackClock "0:00:42"]

1. e4 c5 2. Nf3 d6 3. d4 cxd4 4. Nxd4 Nf6 5. Nc3 g6 6. Be3 Bg7 7. f3 O-O 8. Qd2 Nc6 9. O-O-O Bd7 10. g4 Rc8 11. Kb1 Ne5 12. Be2 Qa5 13. Nb3 Qc7 14. h4 b5 15. h5 b4 16. Nd5 Nxd5 17. exd5 a5 18. hxg6 fxg6 19. Nd4 Nc4 20. Bxc4 Qxc4 21. Qh2 h6 22. Bxh6 Bxd4 23. Bxf8 Kxf8 24. Qf4+ Bf6 25. Rh8+ Kf7 26. Qxc4 Rxc4 27. Ra8 a4 28. b3 axb3 29. axb3 Rf4 30. Rg1 g5 31. Rd8 Bb5 32. Re1 Rxf3 33. Kc1 Rf4 34. Rh1 Rxg4 35. Rd1 Rf4 36. Rg1 Rd4 37. Rd1 Rf4 38. Rg1 Kg6 39. Rg8+ Kf5 40. Re1 g4 41. Rb8 Bf1 42. Re3 Re4 43. Rxe4 Kxe4 44. Kd1 Kf3 45. Rf8 g3 46. Ke1 g2 47. Rg8 Bc3+ 48. Kd1 Be2+ 49. Kc1 Kf2 0-1

[Event "January 2 Early 2024"]
[Site "https://www.chess.com"]
[Date "2024.01.02"]
[Round "8"]
[White "Spata, German"]
[Black "Valle Luis, Leo"]
[Result "1-0"]
[Board "110"]
[TimeControl "180+1"]
[WhiteFideId "113026"]
[BlackFideId "54577187"]
[WhiteElo "2641"]
[BlackElo "2429"]
[WhiteTeam "ARG"]
[BlackTeam "ESP"]
[WhiteClock "0:00:38"]
[BlackClock "0:00:07"]

1. d4 Nf6 2. Nf3 e6 3. Bf4 d5 4. e3 c5 5. c3 cxd4 6. cxd4 Nc6 7. Nc3 a6 8. Bd3 Bd6 9. Ne5 Qc7 10. Nxc6 Bxf4 11. exf4 bxc6 12. g3 c5 13. dxc5 Qxc5 14. O-O O-O 15. Rc1 Qd6 16. Na4 e5 17. fxe5 Qxe5 18. Re1 Qd6 19. Nc5 Bg4 20. Be2 Bxe2 21. Rxe2 Rac8 22. Rec2 h6 23. b4 Nh7 24. Nb7 Qb8 25. Rxc8 Rxc8 26. Rxc8+ Qxc8 27. Qxd5 Qc1+ 28. Kg2 Ng5 29. h4 Ne6 30. Nc5 Nf8 31. Nxa6 Qa3 32. b5 Ne6 33. Qc6 Nd4 34. Qa8+ Kh7 35. Qe4+ f5 36. Qxd4 Qa5 37. a4 Qe1 38. Nc5 Qe7 39. Qd5 f4 40. Qe4+ Qxe4+ 41. Nxe4 f3+ 42. Kxf3 g5 43. hxg5 hxg5 44. Nxg5+ Kg6 45. Ne4 Kh5 46. Nd2 Kg5 47. b6 Kf6 48. b7 Ke6 1-0

[Event "January 2 Early 2024"]
[Site "https://www.chess.com"]
[Date "2024.01.02"]
[Round "8"]
[White "Jakubowski, Krzysztof"]
[Black "Jovic, Stanoje"]
[Result "1-0"]
[Board "111"]
[TimeControl "180+1"]
[WhiteFideId "1112848"]
[BlackFideId "905020"]
[WhiteElo "2635"]
[BlackElo "2425"]
[WhiteTeam "POL"]
[BlackTeam "SRB"]
[WhiteClock "0:01:27"]
[BlackClock "0:00:00"]

1. e4 c6 2. Nf3 d5 3. d3 dxe4 4. dxe4 Qxd1+ 5. Kxd1 Bg4 6. Be2 Bxf3 7. Bxf3 h5 8. a4 g6 9. Na3 Bh6 10. Nc4 Nd7 11. Ra3 O-O-O 12. Ke2 Bxc1 13. Rxc1 Ngf6 14. h3 Kc7 15. b4 Rhe8 16. a5 e5 17. h4 Nf8 18. g3 Ne6 19. c3 Ng7 20. Rb1 Nd7 21. Bg2 f5 22. f3 Nf6 23. b5 cxb5 24. Rxb5 Nd7 25. Rab3 Rb8 26. Rd5 b6 27. Nd6 Re7 28. axb6+ Rxb6 29. Nb5+ Kb7 30. Rd6 a6 31. Rxb6+ Nxb6 32. Nd6+ Kc6 33. Rxb6+ Kxb6 34. Nc8+ Kc5 35. Nxe7 fxe4 36. fxe4 a5 37. Kd3 a4 38. Bf1 a3 39. Kc2 1-0

[Event "January 2 Early 2024"]
[Site "https://www.chess.com"]
[Date "2024.01.02"]
[Round "8"]
[White "Hajiyev, Kanan"]
[Black "Nemec, Jachym"]
[Result "1-0"]
[Board "112"]
[TimeControl "180+1"]
[WhiteFideId "13404148"]
[BlackFideId "23716525"]
[WhiteElo "2611"]
[BlackElo "2423"]
[WhiteTeam "AZE"]
[BlackTeam "CZE"]
[WhiteClock "0:00:13"]
[BlackClock "0:00:00"]

1. d4 d5 2. Nf3 Nf6 3. c4 e6 4. cxd5 exd5 5. Nc3 c6 6. Qc2 g6 7. Bg5 Be7 8. e3 Bf5 9. Bd3 Bxd3 10. Qxd3 Nbd7 11. Bh6 Bf8 12. Bxf8 Kxf8 13. O-O Kg7 14. Rab1 a5 15. h3 Qe7 16. Rfe1 Rhe8 17. Qc2 h5 18. Ng5 Nb6 19. b3 Kh6 20. f4 Kg7 21. Qf2 Nc8 22. e4 dxe4 23. Ncxe4 Nd6 24. Nc5 Qc7 25. Re5 Nd7 26. Rbe1 Nxe5 27. fxe5 Nf5 28. g4 hxg4 29. hxg4 Qd8 30. Nf3 Nh6 31. g5 Nf5 32. Nxb7 Qe7 33. Nc5 Rad8 34. Re4 Rh8 35. Rg4 a4 36. Nxa4 Rh5 37. Nc5 Rdh8 38. a4 Qa7 39. Kg2 Qa5 40. e6 Qc3 41. exf7 Ne3+ 42. Kg3 Rh3+ 43. Kf4 Nxg4 44. Kxg4 Qa1 45. Ne6+ Kxf7 46. Ne5+ 1-0

[Event "January 2 Early 2024"]
[Site "https://www.chess.com"]
[Date "2024.01.02"]
[Round "8"]
[White "Seletsky, Grigory"]
[Black "Andrews, Todd"]
[Result "0-1"]
[Board "113"]
[TimeControl "180+1"]
[WhiteFideId "14112191"]
[BlackFideId "2012456"]
[WhiteElo "2422"]
[BlackElo "2605"]
[WhiteTeam "UKR"]
[BlackTeam "USA"]
[WhiteClock "0:00:02"]
[BlackClock "0:00:19"]

1. b3 d5 2. Bb2 Nc6 3. e3 a6 4. Nf3 f6 5. d4 e6 6. a3 Bd6 7. Nbd2 Nge7 8. c4 Ng6 9. Qc2 O-O 10. Bd3 f5 11. g3 Bd7 12. h4 h6 13. b4 Qe8 14. Qb3 dxc4 15. Nxc4 Nce7 16. Nce5 Bxe5 17. Nxe5 Nxe5 18. dxe5 Bc6 19. Rg1 Bd5 20. Bc4 Rd8 21. Bxd5 Rxd5 22. Rc1 Qd7 23. Qc2 Nc6 24. Kf1 Rf7 25. Kg2 Nxe5 26. Bxe5 Rxe5 27. Rgd1 Rd5 28. Rxd5 Qxd5+ 29. Kg1 Rd7 30. a4 c6 31. a5 Kf7 32. Qc3 Qd2 33. Qc4 Rd5 34. Rc2 Qe1+ 35. Qf1 Qxb4 36. Rc1 Qxa5 37. Rb1 b5 38. Qc1 Qb6 39. e4 fxe4 40. Qf4+ Rf5 41. Qd2 Qa7 42. Re1 a5 43. Rxe4 a4 44. Rd4 Rd5 45. Qf4+ Kg8 46. Re4 e5 47. Rxe5 Rxe5 48. Qxe5 Qd7 49. h5 a3 50. Qb8+ Kh7 51. Qa8 b4 52. Qa5 Qd1+ 53. Kh2 Qd5 54. Qxb4 a2 55. Qa4 Qxh5+ 56. Kg2 Qd5+ 57. Kh2 c5 58. Qa5 h5 59. Qa4 Qe6 60. Qa5 Qf7 61. Kg2 Qd5+ 62. Kh2 h4 63. Qc3 hxg3+ 64. fxg3 Qh5+ 65. Kg2 Qe2+ 66. Kh3 Qe6+ 67. Kg2 Qe4+ 68. Kh3 Qh1+ 69. Kg4 Qd1+ 70. Kh3 a1=Q 71. Qe3 Qh1+ 72. Kg4 Qd4+ 73. Qf4 Qxf4+ 74. Kxf4 c4 75. g4 c3 76. g5 Kg6 77. Kg4 c2 78. Kf4 Qg1 79. Kf3 Qxg5 80. Ke2 c1=Q 81. Kf2 Qcf4+ 82. Ke2 Qge5+ 83. Kd3 Qfd4+ 84. Kc2 Qec5+ 85. Kb3 Qdb4+ 0-1

[Event "January 2 Early 2024"]
[Site "https://www.chess.com"]
[Date "2024.01.02"]
[Round "8"]
[White "Mammadova, Narmin"]
[Black "Gabdushev, Ruslan"]
[Result "1-0"]
[Board "114"]
[TimeControl "180+1"]
[WhiteFideId "13403710"]
[BlackFideId "4137833"]
[WhiteElo "2600"]
[BlackElo "2421"]
[WhiteTeam "AZE"]
[BlackTeam "RUS"]
[WhiteClock "0:00:21"]
[BlackClock "0:00:00"]

1. e4 Nc6 2. d4 d5 3. e5 Bf5 4. c3 Qd7 5. Bd3 h5 6. Nf3 f6 7. O-O g5 8. exf6 exf6 9. Re1+ Nge7 10. Na3 O-O-O 11. b4 Ng6 12. b5 Nce7 13. Bf1 g4 14. Nd2 Kb8 15. Nc2 h4 16. a4 g3 17. a5 gxf2+ 18. Kxf2 h3 19. g3 Bg4 20. Nf3 Nc8 21. Ne3 f5 22. Bd3 Nd6 23. Kg1 Ne4 24. Nxg4 fxg4 25. Nd2 Nxc3 26. Qb3 Ne4 27. Nxe4 dxe4 28. Rxe4 Bg7 29. Be3 Ne7 30. b6 Nd5 31. bxa7+ Ka8 32. Bf2 Rhf8 33. Rb1 c6 34. a6 b6 35. Qc2 Kxa7 36. Rbe1 Rf7 37. Bc4 Rdf8 38. R1e2 Qd6 39. Rxg4 Nb4 40. Qe4 Bxd4 41. Qxd4 Rxf2 42. Rxf2 1-0

[Event "January 2 Early 2024"]
[Site "https://www.chess.com"]
[Date "2024.01.02"]
[Round "8"]
[White "Herman, Daniel"]
[Black "Manukian, Artak"]
[Result "1-0"]
[Board "115"]
[TimeControl "180+1"]
[WhiteFideId "30935008"]
[BlackFideId "13301373"]
[WhiteElo "2415"]
[BlackElo "2598"]
[WhiteTeam "USA"]
[BlackTeam "ARM"]
[WhiteClock "0:00:15"]
[BlackClock "0:00:00"]

1. Nf3 c5 2. c4 b6 3. Nc3 Bb7 4. e4 d6 5. d4 Nd7 6. d5 g6 7. Bd3 Bg7 8. O-O Ngf6 9. Bg5 h6 10. Bh4 g5 11. Bg3 Nh5 12. Ne1 Nxg3 13. hxg3 a6 14. Nc2 e5 15. Ne3 Qf6 16. Be2 Nf8 17. Qa4+ Kd8 18. b4 Kc7 19. bxc5 dxc5 20. d6+ Qxd6 21. Nf5 Qf6 22. Rad1 Bc6 23. Nd5+ Kb7 24. Nxf6 Bxa4 25. Nxg7 Bxd1 26. Rxd1 Ng6 27. Rd7+ Kc6 28. Nf5 Rad8 29. Rd5 Kc7 30. Bh5 Kb8 31. Bxg6 fxg6 32. Ne7 Rxd5 33. exd5 e4 34. d6 b5 35. Nxe4 bxc4 36. Nxc5 c3 37. Nc6+ Kc8 38. Nd4 Rd8 39. d7+ Rxd7 40. Nxd7 Kxd7 41. Kf1 Kd6 42. Ke2 Kc5 43. Kd3 Kb4 44. Nc2+ Kc5 45. Kxc3 h5 46. Kd3 h4 47. gxh4 gxh4 48. Ke4 Kc4 49. Kf4 Kc3 50. Ne3 Kb2 51. Kg5 Kxa2 52. Kxg6 Kb3 53. Nd5 a5 54. Nb6 Kb4 55. f4 Kb5 56. Nd5 Kc4 57. Ne3+ Kd3 58. Nd1 a4 59. Nb2+ Ke4 60. f5 a3 61. Na4 1-0

[Event "January 2 Early 2024"]
[Site "https://www.chess.com"]
[Date "2024.01.02"]
[Round "8"]
[White "Omariev, Maksim"]
[Black "Chitre Arush"]
[Result "0-1"]
[Board "116"]
[TimeControl "180+1"]
[WhiteFideId "4193423"]
[BlackFideId "25959026"]
[WhiteElo "2412"]
[BlackElo "2586"]
[WhiteTeam "RUS"]
[BlackTeam "IND"]
[WhiteClock "0:00:01"]
[BlackClock "0:01:05"]

1. e4 e5 2. Nf3 Nc6 3. Bb5 Nge7 4. O-O g6 5. Re1 Bg7 6. c3 O-O 7. d4 exd4 8. cxd4 d5 9. e5 Bg4 10. Be3 f6 11. exf6 Rxf6 12. Nbd2 Qd6 13. Qb3 Raf8 14. Bxc6 bxc6 15. Ne5 Bc8 16. Ndf3 Nf5 17. Bg5 Re6 18. Rac1 Nxd4 19. Nxd4 Rxe5 20. Rxe5 Bxe5 21. Rxc6 Qd7 22. Rc5 Bxd4 23. Rxd5 Bxf2+ 24. Kh1 Qe6 25. h4 Qe1+ 26. Kh2 Qg1# 0-1

[Event "January 2 Early 2024"]
[Site "https://www.chess.com"]
[Date "2024.01.02"]
[Round "8"]
[White "Avramidou, Anastasia"]
[Black "Mayaud, Raphael"]
[Result "1/2-1/2"]
[Board "117"]
[TimeControl "180+1"]
[WhiteFideId "4239873"]
[BlackFideId "627151"]
[WhiteElo "2586"]
[BlackElo "2408"]
[WhiteTeam "GRE"]
[BlackTeam "FRA"]
[WhiteClock "0:00:10"]
[BlackClock "0:00:15"]

1. Nf3 d5 2. d4 Nf6 3. c4 c6 4. Nc3 e6 5. e3 Nbd7 6. Bd3 dxc4 7. Bxc4 b5 8. Bd3 Bb7 9. O-O a6 10. Qc2 Rc8 11. a4 b4 12. Ne4 c5 13. dxc5 Nxc5 14. Nxc5 Bxc5 15. Rd1 Qb6 16. Qe2 O-O 17. a5 Qa7 18. e4 Ng4 19. Rf1 Rfd8 20. Ne1 Ne5 21. Bg5 f6 22. Bf4 Nxd3 23. Nxd3 e5 24. Nxc5 Qxc5 25. Be3 Qc2 26. Qxc2 Rxc2 27. Rfd1 Rxd1+ 28. Rxd1 Bxe4 29. b3 Rc3 30. Bc5 Rxb3 31. f3 Bc6 32. Rd8+ Kf7 33. Rf8+ Kg6 34. Rb8 Rb1+ 35. Kf2 b3 36. Kg3 Bb5 37. h4 Rg1 38. Ba3 Ra1 39. Bb2 Ra2 40. Bc1 b2 41. Bxb2 Rxb2 42. Kh3 h5 43. Kg3 Ra2 44. Rb6 Rxa5 45. Kf2 Ra2+ 46. Kg3 Ra3 47. Kf2 Ra2+ 48. Kg3 Bf1 49. Rb1 Rxg2+ 50. Kh3 Rf2+ 51. Kg3 Rg2+ 52. Kh3 Rg1+ 53. Kh2 Rg2+ 54. Kh3 1/2-1/2

[Event "January 2 Early 2024"]
[Site "https://www.chess.com"]
[Date "2024.01.02"]
[Round "8"]
[White "Mazurkiewicz, Michal"]
[Black "Toman, Ondrej"]
[Result "1-0"]
[Board "118"]
[TimeControl "180+1"]
[WhiteFideId "1124943"]
[BlackFideId "344516"]
[WhiteElo "2407"]
[BlackElo "2582"]
[WhiteTeam "POL"]
[BlackTeam "CZE"]
[WhiteClock "0:01:15"]
[BlackClock "0:00:41"]

1. e4 e6 2. d3 d5 3. Nd2 Nf6 4. Ngf3 c5 5. g3 Nc6 6. Bg2 Be7 7. O-O O-O 8. e5 Nd7 9. Re1 b5 10. h4 Qb6 11. Nf1 Bb7 12. Bf4 c4 13. d4 b4 14. c3 a5 15. Ne3 a4 16. a3 bxa3 17. bxa3 Na5 18. Ng5 f5 19. exf6 gxf6 20. Nxe6 Qxe6 21. Nxd5 Bxd5 22. Rxe6 Bxe6 23. d5 Nb3 24. dxe6 Nxa1 25. Bxa8 Nc5 26. Bh6 f5 27. Bxf8 Kxf8 28. Qxa1 Nxe6 29. Qb1 Ng7 30. Bd5 Bd6 31. Qb7 1-0

[Event "January 2 Early 2024"]
[Site "https://www.chess.com"]
[Date "2024.01.02"]
[Round "8"]
[White "Weishaeutel, Moritz"]
[Black "Topalov, Aleksandar"]
[Result "1/2-1/2"]
[Board "119"]
[TimeControl "180+1"]
[WhiteFideId "12967300"]
[BlackFideId "925659"]
[WhiteElo "2570"]
[BlackElo "2404"]
[WhiteTeam "GER"]
[BlackTeam "SRB"]
[WhiteClock "0:00:17"]
[BlackClock "0:00:09"]

1. e4 e6 2. d4 d5 3. exd5 exd5 4. Nf3 Bd6 5. c4 c6 6. c5 Bc7 7. Bd3 Nf6 8. O-O O-O 9. Bg5 Bg4 10. Nbd2 Nbd7 11. Qc2 h6 12. Bh4 Re8 13. b4 a6 14. a4 Qe7 15. b5 axb5 16. axb5 Bf4 17. Rxa8 Rxa8 18. Re1 Qf8 19. bxc6 bxc6 20. Bf5 Bxf5 21. Qxf5 Bxd2 22. Nxd2 Re8 23. Rb1 Rb8 24. Re1 Re8 25. Rb1 Rb8 26. Bg3 Rxb1+ 27. Qxb1 Qe8 28. h3 Nf8 29. Qb7 Ne6 30. Be5 Ne4 31. Nxe4 dxe4 32. Qb1 f6 33. Bxf6 gxf6 34. Qxe4 Ng7 35. Qf4 Qg6 36. d5 cxd5 37. c6 Ne6 38. Qd6 Qb1+ 39. Kh2 Qe4 40. c7 Nxc7 41. Qxc7 Qe5+ 42. Qxe5 fxe5 43. Kg3 Kf7 44. f4 e4 45. Kf2 d4 46. g4 Kf6 47. h4 Kg6 48. Ke2 Kf6 49. Kd2 Ke6 50. g5 hxg5 51. fxg5 Kf5 52. Ke2 Kg6 53. Kd2 Kh5 54. Ke2 Kg6 55. Kd2 Kh5 56. Ke2 Kg6 1/2-1/2

[Event "January 2 Early 2024"]
[Site "https://www.chess.com"]
[Date "2024.01.02"]
[Round "8"]
[White "Aggelis, Nikolaos"]
[Black "Samaganova, Aleksandra"]
[Result "1-0"]
[Board "120"]
[TimeControl "180+1"]
[WhiteFideId "4213220"]
[BlackFideId "13800221"]
[WhiteElo "2567"]
[BlackElo "2393"]
[WhiteTeam "GRE"]
[BlackTeam "KGZ"]
[WhiteClock "0:00:26"]
[BlackClock "0:00:00"]

1. c4 c5 2. Nf3 Nf6 3. g3 Nc6 4. d4 cxd4 5. Nxd4 g6 6. Nxc6 bxc6 7. Bg2 Bg7 8. O-O O-O 9. Nc3 Rb8 10. Qc2 Qc7 11. Bf4 d6 12. c5 Nh5 13. cxd6 exd6 14. Be3 Be6 15. b3 Rfc8 16. Rac1 Qa5 17. Rfd1 Bf5 18. Qd2 d5 19. Na4 Qa6 20. Nc5 Qa3 21. Bd4 Re8 22. Bxg7 Nxg7 23. e3 Bg4 24. Re1 Rb5 25. Nd3 Bd7 26. Qb2 Qa5 27. b4 Qd8 28. Qc3 a5 29. a3 axb4 30. axb4 Qb8 31. Rb1 Rc8 32. Ne5 Bf5 33. Rbc1 Ne8 34. Nxc6 Qc7 35. Bf1 Rb6 36. b5 Nd6 37. Qf6 Ne8 38. Ne7+ Qxe7 39. Qxe7 1-0

[Event "January 2 Early 2024"]
[Site "https://www.chess.com"]
[Date "2024.01.02"]
[Round "8"]
[White "Munoz Galvez, Jhon Edison"]
[Black "Kraus, Tomas"]
[Result "1-0"]
[Board "121"]
[TimeControl "180+1"]
[WhiteFideId "4403797"]
[BlackFideId "331708"]
[WhiteElo "2556"]
[BlackElo "2393"]
[WhiteTeam "COL"]
[BlackTeam "CZE"]
[WhiteClock "0:01:18"]
[BlackClock "0:00:00"]

1. d4 Nf6 2. Nf3 g6 3. c4 Bg7 4. Nc3 d5 5. Nxd5 Nxd5 6. cxd5 Qxd5 7. Bd2 O-O 8. Bc3 c5 9. e3 Nc6 10. Qd2 Rd8 11. Rd1 Qxa2 12. Be2 cxd4 13. exd4 Qd5 14. O-O Bg4 15. h3 Bf5 16. Rfe1 Rac8 17. Qe3 Be4 18. Nd2 Bxg2 19. Bc4 Qh5 20. Kxg2 Bh6 21. Qf3 Qg5+ 22. Kf1 Nxd4 23. Qxf7+ Kh8 24. Nf3 Qc5 25. Rxd4 1-0

[Event "January 2 Early 2024"]
[Site "https://www.chess.com"]
[Date "2024.01.02"]
[Round "8"]
[White "Lund, Gunnar"]
[Black "Ferro, Mario"]
[Result "1-0"]
[Board "122"]
[TimeControl "180+1"]
[WhiteFideId "1520814"]
[BlackFideId "810290"]
[WhiteElo "2555"]
[BlackElo "2392"]
[WhiteTeam "NOR"]
[BlackTeam "ITA"]
[WhiteClock "0:00:22"]
[BlackClock "0:00:00"]

1. d4 g6 2. e4 Bg7 3. Nc3 a6 4. f4 d5 5. e5 h5 6. Be3 Nh6 7. h3 Nf5 8. Bf2 h4 9. Qd2 Nc6 10. O-O-O b5 11. Be2 Na5 12. b3 c6 13. Nf3 e6 14. Bd3 Ng3 15. Rhe1 Qe7 16. Kb1 Nc4 17. bxc4 bxc4 18. Bf1 Qa3 19. Ka1 Bf8 20. Nb1 Qa4 21. Bxg3 hxg3 22. c3 Rb8 23. Rc1 c5 24. Qc2 Qa5 25. Nbd2 Bd7 26. Rb1 Rxb1+ 27. Rxb1 Ke7 28. dxc5 Bh6 29. c6 Bxc6 30. Nd4 Bd7 31. Rb7 1-0

[Event "January 2 Early 2024"]
[Site "https://www.chess.com"]
[Date "2024.01.02"]
[Round "8"]
[White "Skibbe, Willi"]
[Black "Korchynskyi, Mykola"]
[Result "1-0"]
[Board "123"]
[TimeControl "180+1"]
[WhiteFideId "4682190"]
[BlackFideId "34138005"]
[WhiteElo "2390"]
[BlackElo "2550"]
[WhiteTeam "GER"]
[BlackTeam "UKR"]
[WhiteClock "0:00:23"]
[BlackClock "0:00:01"]

1. f4 d5 2. Nf3 Nf6 3. e3 e6 4. Be2 Be7 5. O-O O-O 6. d3 b6 7. Nc3 Bb7 8. Ne5 Nbd7 9. a4 c5 10. Bf3 Qc8 11. Nxd7 Qxd7 12. e4 dxe4 13. dxe4 Qc7 14. e5 Rad8 15. Qe2 Nd5 16. Ne4 c4 17. c3 a6 18. Kh1 b5 19. axb5 axb5 20. Be3 Nxe3 21. Qxe3 Rd3 22. Qe2 Rfd8 23. Ra7 Qb6 24. Rxb7 Qa5 25. Rxe7 b4 26. Nd6 bxc3 27. bxc3 Qxc3 28. Be4 Re3 29. Qxc4 Re1 30. Qb5 Rf8 31. h3 Qc1 32. Rxe1 Qxe1+ 33. Kh2 Qf2 34. Bf3 Qd4 35. Qc4 Qd2 36. Re8 Rxe8 37. Nxe8 h5 38. Nd6 h4 39. Qe4 Qf2 40. f5 Qg3+ 41. Kg1 Qg5 42. fxe6 fxe6 43. Qg4 Qxe5 44. Ne4 Qa1+ 45. Kf2 Qb2+ 46. Be2 Qd4+ 47. Kf3 Qe5 48. Qf4 Qd5 49. Kg4 e5 50. Qf5 Qd4 51. Kxh4 Qe3 52. Bf3 Qh6+ 53. Kg3 Qe3 54. Qg5 Qe1+ 55. Kh2 Qa5 56. Qg3 Qc7 57. Ng5 Qe7 58. Qg4 Qf6 59. Qe6+ Qxe6 60. Nxe6 Kf7 61. Nc5 Kf6 62. Ne4+ Ke7 63. Kg3 Kd7 64. h4 Kc7 65. Kg4 Kb6 66. Kg5 Kb7 67. Kg6 Ka6 68. Kxg7 Ka7 69. Kf6 Kb6 70. Kxe5 Ka5 71. g4 Kb4 72. g5 Ka5 73. g6 Kb4 74. g7 Ka4 75. g8=Q Ka3 76. Qb8 Ka2 77. Kd4 Ka3 78. Kc3 Ka4 79. Qb4# 1-0

[Event "January 2 Early 2024"]
[Site "https://www.chess.com"]
[Date "2024.01.02"]
[Round "8"]
[White "Rios Escobar, Adan"]
[Black "Volkov, Sergei"]
[Result "0-1"]
[Board "124"]
[TimeControl "180+1"]
[WhiteFideId "3403645"]
[BlackFideId "4176588"]
[WhiteElo "2386"]
[BlackElo "2537"]
[WhiteTeam "CHI"]
[BlackTeam "RUS"]
[WhiteClock "0:00:03"]
[BlackClock "0:00:16"]

1. d4 Nf6 2. g3 d5 3. Nf3 Bf5 4. c4 e6 5. Nc3 c6 6. Nh4 Bg6 7. Qb3 Qb6 8. Nxg6 hxg6 9. c5 Qc7 10. Bf4 Qc8 11. Bg2 Nbd7 12. O-O Nh5 13. Bd6 Bxd6 14. cxd6 O-O 15. e4 dxe4 16. Nxe4 Nhf6 17. Nc5 b6 18. Nxe6 fxe6 19. Qxe6+ Rf7 20. Rac1 Qe8 21. Qb3 Rd8 22. Bxc6 Qf8 23. Rfe1 Qxd6 24. Bb5 Kf8 25. Rcd1 Re7 26. Rxe7 Qxe7 27. Bc4 g5 28. Qf3 g6 29. Qg2 Kg7 30. Kf1 Ne5 31. Re1 Rxd4 32. Qa8 Rxc4 33. Qb8 Re4 34. Rd1 Nf3 35. Rd8 Re1+ 36. Kg2 g4 37. Rg8+ Nxg8 38. Qe5+ Qxe5 39. h3 Rg1# 0-1

[Event "January 2 Early 2024"]
[Site "https://www.chess.com"]
[Date "2024.01.02"]
[Round "8"]
[White "Legenia, Artem"]
[Black "Rogov, Matfey"]
[Result "0-1"]
[Board "125"]
[TimeControl "180+1"]
[WhiteFideId "14136945"]
[BlackFideId "44191308"]
[WhiteElo "2377"]
[BlackElo "2533"]
[WhiteTeam "UKR"]
[BlackTeam "RUS"]
[WhiteClock "0:00:04"]
[BlackClock "0:00:08"]

1. e4 e5 2. Nf3 Nf6 3. Nxe5 Nc6 4. Nf3 Nxe4 5. d4 d5 6. Bd3 Bd6 7. h3 O-O 8. c3 f5 9. O-O f4 10. Qb3 Nf6 11. Re1 Na5 12. Qc2 c6 13. Ne5 Bxe5 14. dxe5 Ne4 15. b4 Qg5 16. f3 Qg3 17. Rf1 Ng5 18. bxa5 Nxh3+ 19. Kh1 g6 20. gxh3 Qxh3+ 21. Kg1 Bf5 22. Qg2 Qh4 23. Be2 Bh3 24. Qh2 Rf5 25. Rf2 Rg5+ 26. Kh1 Rf8 27. Na3 Rxe5 28. Bd2 Qg3 29. Rg1 Qxh2+ 30. Kxh2 Rh5 31. Bf1 Bxf1# 0-1